Map: Éphémèrion EC

Players

defer

  • Race: Protoss Protoss
  • League: Silver
  • Spawn Location: 11:00

IA (très facile) - Winner!

  • Race: Terran Terran
  • Spawn Location: 5:00

VOD

Have the link to the VOD?

Description

Time

  • Played on: Jan. 18, 2020, 7:49 a.m.
  • Length: 4:16
Show
View Real Time Build Order
Export as new Build Order

defer Protoss 

Build Orders: Nexus First 

Get SALT Encoding   

  12  0:00  Probe  
  13  0:12  Probe  
  14  0:18  Pylon  
  14  0:24  Probe  
  15  0:37  Probe  
  16  0:49  Probe  
  17  1:01  Probe  
  17  1:03  Nexus  
  18  1:13  Probe  
  18  1:17  Gateway  
  19  1:25  Probe, Assimilator  
  20  1:32  Assimilator  
  20  1:37  Probe  
  21  1:42  Gateway  
  21  1:49  Probe  
  22  2:01  Probe  
  22  2:05  Cybernetics Core  
  23  2:14  Probe (Chrono Boost)  
  23  2:15  Probe (Chrono Boost)  
  25  2:25  Probe x2 (Chrono Boost)  
  25  2:29  Probe x2 (Chrono Boost)  
  29  2:41  Probe x2  
  31  2:49  Pylon  
  31  2:53  Probe x2  
  31  2:55  Pylon  
  33  3:05  Probe (Chrono Boost)  
  35  3:07  Probe (Chrono Boost)  
  35  3:16  Pylon  
  35  3:17  Probe (Chrono Boost)  
  37  3:20  Probe (Chrono Boost)  
  37  3:25  Probe (Chrono Boost)  
  39  3:28  Probe (Chrono Boost)  
  39  3:32  Probe x2 (Chrono Boost)  
  41  3:43  Probe x2  
  43  3:55  Probe x2  
Show
View Real Time Build Order
Export as new Build Order

IA (très facile) Terran - Winner!

Build Orders:  

Get SALT Encoding   

  12  0:00  SCV  
  13  0:13  SCV  
  14  0:18  Supply Depot  
  14  0:37  Refinery  
  14  0:43  Barracks  
  14  1:03  Supply Depot  
  14  1:13  Refinery  
  14  1:30  Marine, SCV  
  16  1:42  SCV  
  17  1:54  SCV  
  18  2:04  Marine  
  18  2:06  SCV  
  20  2:18  SCV  
  21  2:30  SCV  
  22  2:37  Marine  
  22  2:43  Orbital Command  
Tags
 
Add a new tag
Caveats
  • Supply blocks, unpowered buildings, or Contaminate may cause inaccurate times.
  • Supply counts are checked every 10 seconds.